 Seeded DCSS version 0.27.1-36-g1b1ada6b1e (webtiles) character file.

Game seed: 20230215 (custom seed)

42 Mickster the Covered (level 3, -1/23 HPs)
             Began as a Demonspawn Wanderer on Feb 15, 2023.
             Slain by a black bear (7 damage)
             ... on level 2 of the Dungeon.
             The game lasted 00:16:50 (2537 turns).

Mickster the Covered (Demonspawn Wanderer)          Turns: 2537, Time: 00:16:53

Health: -1/23      AC: 15    Str: 13 (14) XL:     3   Next: 35%
Magic:  3/3        EV:  5    Int:  9 (11) God:
Gold:   23         SH:  0    Dex:  9 (13) Spells: 2/2 levels left

rFire    . . .     SeeInvis .   g - +0 rapier
rCold    . . .     Faith    .   (no shield)
rNeg     . . .     Spirit   .   e - +0 chain mail
rPois    .         Reflect  .   (no helmet)
rElec    .         Harm     .   (no cloak)
rCorr    .         Rampage  .   (no gloves)
Will     .....                  (no boots)
Stlth    ..........             (no amulet)
HPRegen  0.07/turn              (no ring)
MPRegen  0.08/turn              (no ring)

@: sanguine armoured
A: sanguine armour 1, deterioration 1, frail 1
a: no special abilities


You were on level 2 of the Dungeon.
You visited 1 branch of the dungeon, and saw 2 of its levels.

You collected 68 gold pieces.
You spent 45 gold pieces at shops.

Inventory:

Hand Weapons
 a - a +2 dagger
 d - a +0 spear
 f - a +0 flail
 g - a +0 rapier (weapon)
Armour
 c - a +0 ring mail
 e - a +0 chain mail (worn)
Scrolls
 b - a scroll of blinking


   Skills:
 + Level 1.2 Fighting
 * Level 0.9 Short Blades
 + Level 1.0 Polearms
 + Level 1.0 Crossbows
 + Level 3.2 Armour
 + Level 2.3 Stealth
 + Level 2.0 Shields


You had 2 spell levels left.
You didn't know any spells.
Your spell library was empty.

Dungeon Overview and Level Annotations

Branches:
Dungeon (2/15)

Altars:

Shops:
D:1 [


Innate Abilities, Weirdness & Mutations

When seriously injured, your bleeding wounds create armour. (AC +6)
Your body sometimes deteriorates upon taking damage.
You are frail. (-10% HP)


Message History

You hit the ball python.
The ball python is moderately wounded.
The ball python bites you. The ball python constricts you.
You hit the ball python.
The ball python is severely wounded.
The ball python bites you but does no damage.
The ball python constricts you.
* * * LOW HITPOINT WARNING * * *
You hit the ball python but do no damage.
The ball python is severely wounded.
The ball python bites you but does no damage.
The ball python constricts you.
* * * LOW HITPOINT WARNING * * *
The ball python bites you but does no damage.
The ball python constricts you.
Your chain mail prevents you from hitting the ball python.
The ball python is severely wounded.
The ball python bites you but does no damage.
The ball python constricts you.
You puncture the ball python!
You kill the ball python!
You see here a ball python corpse.
You see here a ball python corpse.
You start resting.
A black bear is nearby!
The black bear growls angrily.
You completely miss the black bear. The black bear barely misses you.
The black bear claws you.
The black bear claws you but does no damage.
You hit the black bear.
The black bear is lightly wounded.
The black bear bites you.
The black bear claws you but does no damage. x2
You hit the black bear.
The black bear is moderately wounded.
The black bear barely misses you. The black bear claws you.
* * * LOW HITPOINT WARNING * * *
The black bear claws you but does no damage.
The black bear bites you!
You die...

†....####........#<,,,,*****
.<............##.#,,,,,,*
###.....)...###*,.##.#*,*
............####*,...#*,*
..#####.†......#**..$#*,** ..#
#........# *...#*,,* ..###
########.# *...#**,*****
....##########.###...# *,,,,,***
[.#..........#.h@....####*,,,,,*
..##########.............,,,,,,*
..# ####......####*,,,,,* ..#
####...# ******* ### *...# *####


You could see a black bear.

Vanquished Creatures
  An ufetubus (D:2)
  A dart slug (D:1)
  A giant cockroach (D:2)
  4 goblins
  A hobgoblin (D:1)
  6 jackals (D:1)
  5 kobolds (D:1)
  4 quokkas (D:1)
  3 ball pythons
  A frilled lizard (D:1)
  3 rats (D:2)
30 creatures vanquished.

Notes
Turn   | Place    | Note
-------+----------+-------------------------------------------
     0 | D:1      | Mickster the Demonspawn Wanderer began the quest for the
                  | Orb.
     0 | D:1      | Mickster set off with the following items: a +2 dagger, a
                  | scroll of blinking, a +0 ring mail, a +0 spear
     0 | D:1      | Reached XP level 1. HP: 15/15 MP: 1/1
    32 | D:1      | Gained mutation: You are frail. (-10% HP) [potion of
                  | mutation]
    32 | D:1      | Gained mutation: Your body sometimes deteriorates upon
                  | taking damage. [potion of mutation]
   676 | D:1      | Reached skill level 3 in Armour
   676 | D:1      | Gained mutation: When seriously injured, your bleeding
                  | wounds create armour. (AC +6) [demonic ancestry]
   676 | D:1      | Reached XP level 2. HP: 14/18 MP: 2/2
  1899 | D:1      | Reached XP level 3. HP: 23/23 MP: 3/3
  2102 | D:1      | Found Pem Gur's Armour Shop.
  2110 | D:1      | Bought a +0 chain mail for 45 gold pieces
  2360 | D:2      | Noticed a black bear
  2537 | D:2      | Slain by a black bear

Illustrated notes

Levels and vault maps discovered:
D:1:      psy_arrival_statuary, layout_basic, serial_shops, nicolae_shop_trees,
          amcnicky_mini_pool_small
D:2:      layout_rooms, serial_shops, nicolae_shop_stone

Skill      XL: |  1  2 |
---------------+-------+-----
Stealth        | 2 |  2.3
Armour         | 3 |  3.2
Shields        | 2 |  2.0
Fighting       | |  1.2
Short Blades   | |  0.9
Polearms       | |  1.0
Crossbows      | |  1.0

Action                   || total
-------------------------++-------
Melee: Dagger            ||   113
       Rapier            ||    34
  Use: Potion            ||     4
       Scroll            ||     6
Armor: Ring mail         ||    66
       Chain mail        ||    42
Dodge: Dodged            ||    99
